 Dungeon Crawl Stone Soup version 0.32-a0-519-g08f29ac1c3 (webtiles) character file.

Game seed: 489663876293473046

4470 mopl the Martial Artist (level 10, -8/67 HPs)
             Began as an Octopode Shapeshifter on Feb 27, 2024.
             Was a Believer of Uskayaw.
             Mangled by an orc
             ... wielding a +0 dagger of electrocution
              (19 damage)
             ... on level 9 of the Dungeon.
             The game lasted 00:15:21 (8750 turns).

mopl the Martial Artist (Octopode Shapeshifter)     Turns: 8750, Time: 00:15:21

Health: -8/67      AC:  1    Str: 15    XL:     10   Next: 37%
Magic:  13/13      EV: 15    Int: 12    God:    Uskayaw [**....]
Gold:   203        SH:  0    Dex: 15    Spells: 10/12 levels left

rFire   + .          .
                       - Unarmed
rCold   . . .        (no shield)
rNeg    . . .        (helmet currently unavailable)
rPois   .            (no amulet)
rElec   .            w - ring of protection from fire
rCorr   +            E - ring of resist corrosion
SInv    .            (no ring)
Will    .....        (no ring)
Stlth   +++          (no ring)
HPRegen 0.31/turn    (no ring)
MPRegen 0.13/turn    (no ring)
                     (no ring)

%: no passive effects
@: beast-form, studying Unarmed Combat
A: beast (slay +4), almost no armour, amphibious, 8 rings, camouflage 1,
gelatinous body 1, (nimble swimmer 1), tentacles
a: Begin Untransformation, Renounce Religion, Stomp, Line Pass


You were on level 9 of the Dungeon.
You worshipped Uskayaw.
Uskayaw was noncommittal.
You were a hulking beast.
You visited 2 branches of the dungeon, and saw 10 of its levels.
You also visited: Bailey.

You collected 450 gold pieces.
You spent 247 gold pieces at shops.

Inventory:

Missiles
 m - 29 poisoned darts (quivered)
 n - 5 throwing nets
 t - 5 boomerangs
Jewellery
 w - a ring of protection from fire (left tentacle)
 E - a ring of resist corrosion (right tentacle)
Talismans
 b - a beast talisman (active)
 c - a flux talisman
 D - a blade talisman
Wands
 a - a wand of mindburst (21)
 s - a wand of flame (28)
 u - a wand of charming (4)
Scrolls
 d - 2 scrolls of noise {unknown}
 g - a scroll of enchant weapon {unknown}
 h - 3 scrolls of immolation {unknown}
 i - 3 scrolls of revelation
 k - 3 scrolls of amnesia {unknown}
 l - 3 scrolls of teleportation
 o - a scroll of blinking {unknown}
 p - 2 scrolls of vulnerability {unknown}
 q - 2 scrolls of torment {unknown}
 r - a scroll of acquirement {unknown}
 v - 3 scrolls of butterflies
 x - a scroll of fear
 y - a scroll of fog {unknown}
 G - a scroll of enchant armour {unknown}
Potions
 e - a potion of ambrosia
 f - a potion of haste {unknown}
 j - 5 potions of curing
 z - a potion of mutation {!q}
 A - a potion of resistance
 B - a potion of invisibility
 F - a potion of cancellation
 H - a potion of brilliance
 I - a potion of lignification {!q}


   Skills:
 + Level 5.6 Fighting
 + Level 5.9 Dodging
 + Level 1.5 Stealth
 * Level 9.1 Unarmed Combat
 + Level 1.7 Spellcasting
 + Level 1.8 Translocations
 + Level 4.1 Invocations
 * Level 8.0 Shapeshifting


You had 10 spell levels left.
You knew the following spells:

 Your Spells              Type           Power      Damage    Failure   Level
e - Blink                 Tloc           10%        N/A       21%         2

Your spell library contained the following spells:

 Spells                   Type           Power      Damage    Failure   Level
 Lesser Beckoning         Tloc           10%        N/A       21%         2
 Necrotise                Necr           4%         1d4       28%         1
 Slow                     Hex            4%         N/A       28%         1
 Momentum Strike          Conj/Tloc      6%         3d8       28%         2
 Gell's Gravitas          Tloc           5%         N/A       36%         3
 Teleport Other           Tloc           5%         N/A       36%         3
 Confusing Touch          Hex            1%         N/A       63%         3
 Sigil of Binding         Hex            1%         N/A       63%         3
 Vampiric Draining        Necr           1%         2d6       63%         3
 Ignite Poison            Fire/Alch      1%         N/A       95%         4
 Martyr's Knell           Necr/Summ      1%         N/A       95%         4
 Sticky Flame             Fire/Alch      1%         2d4       95%         4
 Curse of Agony           Necr           1%         N/A       100%        5
 Dispersal                Tloc           2%         N/A       100%        6
 Ignition                 Fire           0%         3d3       100%        8


Dungeon Overview and Level Annotations

Branches:
Dungeon (9/15)             Temple (1/1) D:6             Orc (0/2) D:9
 Bailey (visited)
   Lair: D:8-11

Altars:
Ashenzari
Cheibriados
Dithmenos
Elyvilon
Fedhas
Gozag
Kikubaaqudgha
Makhleb
Okawaru
Qazlal
Ru
Sif Muna
Trog
Uskayaw
Vehumet
Xom
Yredelemnul
The Shining One

Shops:
D:1 ?   D:5 *   D:8 *

Annotations:
D:9 Harold


Innate Abilities, Weirdness & Mutations

You are a hulking beast.
Your limbs bulge with bestial killing power. (Slay +4)
You cannot wear most types of armour.
You are amphibious.
You can wear up to eight rings at the same time.
Your skin changes colour to match your surroundings (Stealth+).
Your rubbery body absorbs attacks. (AC +1, EV +1)
((You are camouflaged when in or above water. (Stealth+)))
You have tentacles for arms and can constrict up to eight enemies at once.


Message History

Harold throws a throwing net.
The throwing net hits you.
You become entangled in the net!
You see here a throwing net.
You struggle against the net.
You struggle against the net.
You struggle against the net.
An orc priest comes into view. It is wielding a +0 dagger.
You rip the net and break free!
The orc shouts!
You hear a shout!
Harold fires a harpoon shot at you. The harpoon shot hits you!
You are yanked forward by the harpoon shot.
An orc comes into view. It is wielding a +0 trident.
The orc attacks as it pursues you! The orc hits you with a +0 morningstar.
You bludgeon Harold! You grab Harold.
Harold is lightly wounded.
You constrict Harold. You bludgeon Harold!
Harold is moderately wounded.
You constrict Harold. Harold hits you with a +1 heavy flail!!
The orc misses you.
You can now pass through a line of other dancers.
Unknown command.
You tentacle-slap Harold but do no damage.
You squeeze Harold, but do no damage.
Harold is heavily wounded.
You constrict Harold. The orc misses you.
Harold hits you with a +1 heavy flail!!
* * * LOW HITPOINT WARNING * * *
Unknown command.
You feel much better.
You constrict Harold. The orc barely misses you.
You tentacle-slap Harold. x2
Harold is severely wounded.
You constrict Harold. Harold hits you with a +1 heavy flail!!
* * * LOW HITPOINT WARNING * * *
The orc hits you with a +0 dagger of electrocution.
* * * LOW HITPOINT WARNING * * *
You are electrocuted!!
You die...
Your body falls in perfect tune with the rhythm.

#..<..#
#.....##########
#..................
#........##### ..>.
########.# ...# #.#
...# . #.#
###...+..
#)###........
#...h@...$...
#...oo.......
#......$.....
#............
######..o>...
..o.... .$.....
....... ...o$..


You could see Harold, 2 orc priests and 2 orcs.

Vanquished Creatures
  A two-headed ogre (Bailey)
  A gargoyle (D:7)
  2 spriggans (Bailey)
  A wyvern (D:8)
  A yak (D:7)
  2 steam dragons
  3 ice beasts
  An orc warrior (D:7)
  2 black bears
  3 ogres
  2 phantoms (D:7)
  2 kobold brigands (D:8)
  Blork the orc (D:6)
  2 bullfrogs (D:8)
  2 scorpions (D:4)
  A wight (D:7)
  3 howler monkeys (D:8)
  An electric eel (D:7)
  4 hounds
  5 orc priests
  A gnoll bouda (D:8)
  3 jellies
  8 iguanas
  A sleepcap (D:6)
  Natasha (thrice) (D:4)
  5 orc wizards
  10 gnolls
  6 adders
  A white imp (D:5)
  2 ufetubi (D:5)
  2 ribbon worms
  2 dart slugs
  25 orcs
  6 ball pythons
  5 bats
  4 endoplasms
  2 giant cockroaches
  12 goblins
  11 hobgoblins
  2 jackals (D:1)
  4 quokkas
  3 frilled lizards
  21 kobolds
  7 rats
186 creatures vanquished.

Notes
Turn   | Place    | Note
-------+----------+-------------------------------------------
     0 | D:1      | mopl the Octopode Shapeshifter began the quest for the Orb.
     0 | D:1      | Reached XP level 1. HP: 13/13 MP: 1/1
    90 | D:1      | Found Sonias's Magic Scroll Emporium.
   260 | D:1      | Reached XP level 2. HP: 16/18 MP: 2/2
   698 | D:1      | Reached XP level 3. HP: 21/23 MP: 3/3
  1009 | D:2      | Reached XP level 4. HP: 29/29 MP: 4/4
  1281 | D:1      | Bought a scroll of identify for 20 gold pieces
  1691 | D:2      | Found a sacrificial altar of Ru.
  1999 | D:3      | Found a broken altar of Ashenzari.
  2141 | D:3      | Found a radiant altar of Vehumet.
  2182 | D:3      | Reached skill level 4 in Unarmed Combat
  2349 | D:3      | Reached skill level 2 in Fighting
  2564 | D:3      | Reached XP level 5. HP: 34/34 MP: 5/5
  2870 | D:4      | Noticed Natasha
  2876 | D:4      | Killed Natasha
  2877 | D:4      | Reached skill level 4 in Shapeshifting
  2901 | D:4      | Noticed Natasha
  2906 | D:4      | Killed Natasha
  3084 | D:4      | Reached skill level 3 in Dodging
  3084 | D:4      | Reached XP level 6. HP: 25/41 MP: 6/6
  3197 | D:4      | Noticed Natasha
  3203 | D:4      | Killed Natasha
  3516 | D:4      | Reached skill level 5 in Unarmed Combat
  3679 | D:4      | Reached XP level 7. HP: 39/45 MP: 7/7
  3901 | D:1      | Bought a scroll of teleportation for 30 gold pieces
  3901 | D:1      | Bought a scroll of fear for 40 gold pieces
  3901 | D:1      | Bought a scroll of revelation for 75 gold pieces
  3901 | D:1      | Bought a scroll of butterflies for 40 gold pieces
  4064 | D:5      | Entered Level 5 of the Dungeon
  4064 | D:5      | Found Odghor's General Store.
  4080 | D:5      | Reached skill level 3 in Fighting
  4116 | D:5      | Reached skill level 5 in Shapeshifting
  4477 | D:5      | Bought a potion of attraction for 42 gold pieces
  4636 | D:5      | Found a shimmering altar of Xom.
  4650 | D:5      | Found a snail-covered altar of Cheibriados.
  4850 | D:6      | Reached XP level 8. HP: 44/52 MP: 8/8
  4918 | D:6      | Noticed Blork the orc
  4922 | D:6      | Killed Blork the orc
  4923 | D:6      | Reached skill level 4 in Dodging
  4923 | D:6      | Reached skill level 6 in Unarmed Combat
  5446 | D:6      | Found a staircase to the Ecumenical Temple.
  5464 | Temple   | Found a transporter.
  5464 | Temple   | Found a transporter.
  5464 | Temple   | Found a transporter.
  5464 | Temple   | Found a transporter.
  5464 | Temple   | Entered the Ecumenical Temple
  5477 | Temple   | Became a worshipper of Uskayaw the Reveller
  5625 | D:6      | Reached skill level 6 in Shapeshifting
  5631 | D:6      | Reached * piety under Uskayaw
  5634 | D:6      | Reached ** piety under Uskayaw
  5778 | D:7      | Reached skill level 4 in Fighting
  5801 | D:7      | Found a flagged portal.
  5839 | D:7      | Reached skill level 1 in Invocations
  5840 | D:7      | Reached *** piety under Uskayaw
  5848 | Bailey   | Entered a bailey
  6198 | Bailey   | Noticed a spriggan
  6215 | Bailey   | Killed a spriggan
  6216 | Bailey   | Reached skill level 7 in Unarmed Combat
  6216 | Bailey   | Reached skill level 2 in Invocations
  6216 | Bailey   | Reached XP level 9. HP: 39/59 MP: 10/10
  6422 | Bailey   | Noticed a two-headed ogre
  6476 | Bailey   | Killed a two-headed ogre
  6477 | Bailey   | Reached skill level 5 in Dodging
  6477 | Bailey   | Reached skill level 3 in Invocations
  6477 | Bailey   | Reached skill level 7 in Shapeshifting
  6546 | Bailey   | Reached skill level 5 in Fighting
  6715 | D:7      | Learned a level 2 spell: Blink
  6853 | D:7      | Reached skill level 8 in Unarmed Combat
  7167 | D:7      | Noticed a gargoyle
  7177 | D:7      | Killed a gargoyle
  7178 | D:7      | Reached skill level 1 in Spellcasting
  7178 | D:7      | Reached skill level 1 in Translocations
  7178 | D:7      | Reached XP level 10. HP: 26/66 MP: 12/12
  7179 | D:7      | Reached **** piety under Uskayaw
  7753 | D:8      | Reached ***** piety under Uskayaw
  7961 | D:8      | Reached skill level 4 in Invocations
  8190 | D:8      | Found Fion's Lightly-Used Armoury.
  8231 | D:8      | Reached skill level 1 in Stealth
  8334 | D:8      | Found a basalt altar of Yredelemnul.
  8343 | D:8      | Reached skill level 9 in Unarmed Combat
  8343 | D:8      | Reached skill level 8 in Shapeshifting
  8722 | D:9      | Found a staircase to the Orcish Mines.
  8739 | D:9      | Noticed Harold
  8750 | D:9      | Mangled by an orc

Illustrated notes

Levels and vault maps discovered:
D:1:      amcnicky_arrival_wind_blow, layout_loops_corners, serial_shops,
          nicolae_shop_crystal, serial_aquarium, aquarium_bridge_square
          [aquarium_subvault_bridge, aquarium_subvault_wall,
          aquarium_subvault_bridge, aquarium_subvault_bridge],
          aquarium_window_1, aquarium_window_2, aquarium_window_corridor_2,
          aquarium_view_2e, aquarium_balcony_3a, minmay_pentomino_p4
D:2:      layout_basic, basic_altar, st_stairs_9
D:3:      layout_loops_corners, lemuel_tele_altar, lemuel_round_altar,
          corexii_item_surrounded_by_moat
D:4:      minmay_bubble_buster, layout_basic, uniq_natasha
D:5:      layout_cave_pools, mainiacjoe_overflow_catwalk_spiral, serial_shops,
          nicolae_shop_hallway_stairs
D:6:      layout_basic, minmay_temple_entry_trees, uniq_blork_the_orc
D:7:      layout_loops_cross, enter_bailey_3, kennysheep_cluttered_room,
          minmay_manual_maat
D:8:      layout_basic, mainiacjoe_overflow_24_doors, minmay_shop_damaged
D:9:      layout_irregular_city, nicolae_overflow_crystal_walls,
          minmay_overflow_temple_star_quad, grunt_lair_entry_orc_guard_hut,
          orc_david_3, uniq_harold
Temple:   hellmonk_temple_divided_pantheon

Skill      XL: |  1  2  3  4  5  6  7  8  9 10 |
---------------+-------------------------------+-----
Unarmed Combat | 4 5 7 8 9 |  9.1
Fighting       | 2 3 4 5 |  5.6
Shapeshifting  | 4 5 6 7 8 |  8.0
Dodging        | 3 4 5 |  5.9
Invocations    | 2 3 4 |  4.1
Spellcasting   | 1 |  1.7
Translocations | 1 |  1.8
Stealth        | 1 |  1.5

Action                     |  1- 3 |  4- 6 |  7- 9 | 10-12 || total
---------------------------+-------+-------+-------+-------++-------
  Melee: Unarmed           |    44 |   112 |   145 |    74 ||   375
         Constrict         |    17 |    30 |    33 |    19 ||    99
         Tentacles         |     8 |    21 |    41 |    23 ||    93
         Punch             |       |     4 |     7 |     2 ||    13
  Throw: Dart              |       |       |     9 |       ||     9
  Evoke: Wand              |       |       |     7 |     1 ||     8
    Use: Scroll            |       |     2 |     6 |       ||     8
         Potion            |       |       |     3 |     1 ||     4
   Stab: Sleeping          |     7 |    11 |     6 |     2 ||    26
         Distracted        |       |       |     1 |       ||     1
         Paralysed         |       |       |     1 |     8 ||     9
 Armour: Skin              |    15 |    48 |    80 |    35 ||   178
  Dodge: Dodged            |    25 |    44 |    66 |    38 ||   173
         Repelled          |       |     1 |       |       ||     1
   Form: Beast             |       |       |     1 |       ||     1
         Flux              |       |       |     1 |       ||     1

Table legend: (Time is in decaauts)
 A = Elapsed time spent in this place.
 B = Non-inter-level travel time spent in this place.
 C = Inter-level travel time spent in this place.
 D = Time resting spent in this place.
 E = Time spent auto-exploring this place.
 F = Levels seen in this place.
 G = Mean time per level.
                   A        B        C        D        E       F      G
               +--------+--------+--------+--------+--------+-----+--------+
         Total |   8710 |   8036 |    674 |   1567 |   4862 |  11 |  791.8 |
       Dungeon |   7914 |   7248 |    666 |   1141 |   4768 |   9 |  879.3 |
        Temple |     34 |     26 |      8 |      0 |      0 |   1 |   34.0 |
        Bailey |    761 |    761 |      0 |    426 |     94 |   1 |  761.0 |
               +--------+--------+--------+--------+--------+-----+--------+

Top non-repeatable levels by time:
     D:1: 1145 daAuts
     D:8: 1106 daAuts
     D:7: 1089 daAuts
     D:4: 1036 daAuts
     D:2: 984 daAuts
     D:6: 935 daAuts
     D:3: 888 daAuts
  Bailey: 761 daAuts
     D:5: 692 daAuts
     D:9: 36 daAuts
  Temple: 34 daAuts
